Map: Catalyst LE

Players

Pain - Winner!

  • Race: Terran Terran
  • Spawn Location: 5:00

A.I. 1 (Medium)

  • Race: Zerg Zerg
  • Spawn Location: 11:00

VOD

Have the link to the VOD?

Description

Time

  • Played on: March 21, 2018, 6:55 p.m.
  • Length: 11:39
Show
View Real Time Build Order
Export as new Build Order

Pain Terran - Winner!

Build Orders:  

Get SALT Encoding   

  12  0:01  SCV  
  13  0:16  Supply Depot  
  13  0:19  SCV  
  14  0:30  Refinery  
  14  0:39  Barracks  
  14  0:45  SCV  
  15  0:59  SCV  
  16  1:12  SCV  
  17  1:20  Supply Depot  
  17  1:24  SCV  
  18  1:30  Barracks Reactor  
  18  1:36  SCV  
  18  2:03  SCV  
  18  2:07  Refinery  
  19  2:15  SCV  
  20  2:16  Command Center  
  20  2:27  SCV  
  21  2:31  Factory  
  21  2:39  SCV  
  22  2:51  SCV  
  23  3:00  Marine x2  
  26  3:14  Orbital Command  
  26  3:18  Marine x2  
  27  3:23  Factory Tech Lab, Supply Depot  
  27  3:35  SCV, Marine  
  29  3:47  SCV  
  30  3:51  Barracks  
  30  3:58  Siege Tank  
  30  4:00  SCV  
  34  4:12  SCV  
  34  4:15  SCV, Supply Depot  
  36  4:24  SCV  
  37  4:36  SCV  
  38  4:39  Barracks Tech Lab  
  38  4:47  Engineering Bay  
  38  4:48  SCV  
  39  5:00  SCV, Marauder, Bunker  
  42  5:12  SCV  
  42  5:14  SCV  
  44  5:20  Supply Depot  
  44  5:22  Marauder  
  44  5:24  SCV  
  44  5:26  SCV  
  44  5:28  Terran Infantry Weapons Level 1  
  48  5:36  SCV  
  48  5:37  Factory  
  48  5:38  SCV  
  50  5:43  Marauder  
  50  5:44  Refinery  
  50  5:48  SCV  
  53  5:50  SCV  
  54  6:01  SCV  
  54  6:02  SCV  
  55  6:04  Marauder  
  57  6:13  Siege Tank  
  60  6:21  SCV  
  61  6:26  Marauder  
  61  6:27  Refinery  
  63  6:33  SCV  
  63  6:36  Concussive Shells  
  57  6:45  SCV, Siege Tank, Marine x2  
  63  6:50  Marauder  
  65  6:57  SCV  
  66  7:03  Marine x2  
  66  7:07  Factory Tech Lab  
  68  7:09  SCV  
  68  7:14  Marauder  
  69  7:21  Marine  
  69  7:22  Terran Infantry Armor Level 1  
  70  7:23  Siege Tank, Marine  
  70  7:24  Supply Depot  
  74  7:36  Marauder  
  76  7:38  Marine  
  76  7:40  Siege Tank  
  76  7:41  Marine  
  81  7:47  Supply Depot  
  81  7:48  Armory  
  81  7:53  Combat Shields  
  81  7:56  Siege Tank  
  81  7:57  Marauder  
  86  8:09  Marine x2  
  86  8:12  Siege Tank  
  91  8:18  Marauder  
  93  8:27  Marine x2  
  93  8:28  Siege Tank  
  98  8:40  Marauder  
  98  8:41  Starport, Terran Vehicle Weapons Level 1  
  100  8:45  Marine x2  
  102  8:56  Siege Tank  
  102  9:00  Siege Tank  
  102  9:01  Marauder  
  110  9:04  Supply Depot  
  110  9:11  Orbital Command, Marine x2  
  112  9:19  Starport  
  112  9:23  Marauder  
  114  9:27  Supply Depot  
  114  9:28  Siege Tank  
  117  9:32  Siege Tank  
  120  9:44  Marauder  
  122  9:49  Supply Depot  
  122  9:53  Unknown  
  120  10:00  Siege Tank, Unknown  
  120  10:04  Siege Tank  
  126  10:12  Supply Depot  
  128  10:30  Unknown  
  128  10:32  Siege Tank  
  125  10:36  Siege Tank  
  125  10:42  Marauder  
  127  10:53  Unknown  
  126  11:01  Marine x2  
  126  11:03  Marauder  
  128  11:04  Siege Tank  
  132  11:19  Marine x2  
  136  11:29  Unknown  
Show
View Real Time Build Order
Export as new Build Order

A.I. 1 (Medium) Zerg 

Build Orders: Pool First 

Get SALT Encoding   

  12  0:01  Drone  
  13  0:12  Overlord  
  13  0:16  Drone  
  14  0:31  Drone  
  14  0:33  Drone  
  16  0:42  Spawning Pool  
  16  0:45  Drone  
  16  0:50  Drone  
  16  0:54  Extractor  
  16  0:56  Drone  
  17  1:06  Overlord  
  17  1:31  Zergling x2  
  17  1:32  Queen  
  20  1:38  Drone, Zergling x2  
  20  1:39  Roach Warren  
  21  1:40  Extractor  
  20  1:49  Drone  
  21  1:56  Baneling Nest  
  21  2:00  Drone  
  21  2:11  Drone  
  22  2:21  Zergling x2  
  23  2:32  Zergling x2  
  24  2:39  Zergling x2, Overlord  
  25  2:45  Zergling x2  
  26  2:52  Zergling x2  
  26  2:58  Zergling x2  
  28  3:05  Zergling x2, Baneling x4  
  29  3:11  Overlord  
  29  3:12  Zergling x2  
  30  3:18  Zergling x2  
  31  3:24  Zergling x2  
  32  3:29  Drone  
  32  3:31  Baneling x2  
  33  3:40  Zergling x2  
  33  3:41  Evolution Chamber  
  33  3:42  Drone  
  33  3:44  Drone  
  33  3:48  Drone  
  36  3:52  Drone  
  37  4:02  Drone  
  38  4:14  Drone  
  39  6:31  Lair, Overlord  
  39  6:32  Drone  
  39  6:34  Spore Crawler  
  39  6:35  Drone  
  39  6:36  Spore Crawler  
  39  6:38  Drone, Evolution Chamber  
  32  6:40  Hatchery  
  32  6:41  Drone  
  32  6:44  Drone  
  33  6:59  Spine Crawler  
  33  7:00  Drone  
  33  7:02  Spine Crawler  
  33  7:03  Drone  
  33  7:11  Zergling x2  
  29  7:21  Baneling  
  28  7:29  Overseer, Queen  
  30  7:30  Overseer  
  30  7:31  Zergling x2  
  30  7:33  Drone, Hydralisk Den  
  30  7:34  Spire  
  30  7:36  Drone, Infestation Pit  
  30  7:39  Drone  
  30  7:41  Zergling x2  
  33  7:51  Zergling x2  
  33  7:53  Drone, Queen  
  33  7:54  Spore Crawler  
  33  7:56  Drone, Spore Crawler  
  35  7:58  Spore Crawler  
  35  7:59  Drone  
  35  8:01  Zergling x2, Baneling  
  35  8:02  Drone  
  35  8:04  Drone  
  38  8:07  Drone  
  38  8:10  Drone  
  40  8:13  Drone  
  40  8:16  Drone  
  40  8:19  Overlord  
  42  8:22  Drone  
  42  8:25  Drone  
  44  8:28  Drone  
  44  8:30  Drone  
  44  8:33  Drone  
  47  8:37  Drone  
  47  8:40  Drone, Overlord  
  49  8:44  Drone  
  49  8:48  Drone  
  51  8:54  Drone, Spine Crawler  
  51  8:58  Mutalisk  
  51  8:59  Drone, Spine Crawler  
  51  9:02  Drone  
  54  9:05  Drone  
  54  9:07  Drone  
  54  9:08  Mutalisk  
  58  9:10  Drone  
  59  9:18  Mutalisk  
  61  9:28  Mutalisk  
  63  9:38  Mutalisk  
  65  9:48  Mutalisk  
  65  9:50  Extractor  
  62  9:55  Extractor  
  62  9:58  Mutalisk  
  54  10:00  Queen  
  54  10:08  Overseer, Overlord  
  54  10:09  Zergling x2  
  53  10:18  Drone  
  53  10:19  Zergling x2  
  53  10:20  Drone  
  52  10:23  Drone  
  52  10:26  Hydralisk  
  52  10:27  Drone  
  40  10:31  Drone  
  40  10:34  Drone  
  40  10:35  Overseer  
  38  10:42  Drone  
  31  10:51  Queen  
  31  10:53  Mutalisk  
  30  11:00  Hydralisk  
  30  11:10  Overseer, Mutalisk  
  33  11:22  Drone  
  33  11:23  Baneling Nest  
  33  11:25  Drone  
Tags
 
Matchup
TvZ
Opening
Pool First
Replay Pack
RP
Spawn Locations
Cross Positions
Add a new tag
Caveats
  • Supply blocks, unpowered buildings, or Contaminate may cause inaccurate times.
  • Supply counts are checked every 10 seconds.